Map: Nightshade LE

Players

AGOElazer (Elazer) - Winner!

  • Race: Zerg Zerg
  • League: Grandmaster
  • Spawn Location: 5:00

Serral

  • Race: Zerg Zerg
  • League: Master
  • Spawn Location: 11:00

Event: StayAtHomestory Cup #1

VOD

Have the link to the VOD?

Description

Time

  • Played on: April 11, 2020, 9:53 a.m.
  • Length: 13:33

All games in this series

Show
View Real Time Build Order
Export as new Build Order

AGOElazer Zerg - Winner!

Build Orders: Hatch First 

Get SALT Encoding   

  12  0:00  Drone  
  13  0:12  Overlord  
  13  0:16  Drone  
  14  0:30  Drone x2  
  16  0:47  Hatchery  
  15  0:50  Drone  
  15  0:54  Drone  
  17  0:57  Drone  
  18  1:08  Extractor  
  17  1:12  Spawning Pool  
  17  1:15  Drone  
  17  1:19  Drone  
  18  1:27  Drone  
  19  1:38  Drone  
  20  1:49  Drone  
  21  1:59  Queen x2  
  21  2:00  Drone x2  
  27  2:10  Overlord  
  27  2:11  Drone  
  27  2:14  Extractor  
  27  2:19  Evolution Chamber  
  27  2:22  Drone x2  
  28  2:32  Drone x2  
  28  2:34  Queen  
  32  2:41  Queen  
  32  2:43  Overlord  
  34  2:48  Zerg Missile Weapons Level 1  
  34  2:51  Drone  
  34  2:55  Drone  
  36  3:01  Roach Warren  
  36  3:05  Drone  
  36  3:10  Overlord  
  36  3:25  Overlord  
  48  3:41  Roach x6  
  48  3:49  Lair  
  48  3:52  Drone x4  
  52  3:59  Drone x2  
  52  4:02  Drone  
  55  4:03  Drone  
  56  4:12  Drone  
  56  4:16  Drone  
  58  4:19  Ravager  
  58  4:20  Ravager, Overlord  
  58  4:22  Extractor  
  58  4:23  Ravager  
  60  4:24  Extractor, Ravager  
  60  4:34  Overlord  
  60  4:44  Drone x6  
  66  4:47  Glial Reconstitution  
  66  4:49  Drone x2  
  68  4:53  Drone x2  
  70  5:00  Overlord  
  70  5:01  Drone  
  71  5:09  Overlord  
  71  5:10  Hatchery  
  71  5:12  Zerg Missile Weapons Level 2  
  70  5:15  Roach  
  70  5:20  Roach  
  70  5:21  Roach  
  76  5:27  Roach x2  
  80  5:33  Overlord  
  80  5:35  Roach x2  
  84  5:41  Overlord  
  84  5:42  Overlord  
  84  5:47  Overlord  
  84  5:53  Overlord  
  84  6:00  Roach x4  
  84  6:01  Overlord  
  84  6:02  Overseer  
  92  6:05  Roach x2  
  92  6:08  Evolution Chamber  
  92  6:10  Roach  
  97  6:12  Roach  
  97  6:14  Roach  
  97  6:18  Pneumatized Carapace  
  101  6:20  Drone x2  
  101  6:21  Drone  
  101  6:24  Drone  
  101  6:25  Drone  
  106  6:28  Drone  
  106  6:30  Drone x2  
  106  6:31  Drone  
  106  6:32  Drone  
  111  6:34  Drone  
  112  6:40  Zerg Ground Armor Level 1  
  112  6:41  Overlord  
  112  6:46  Drone x3  
  115  6:49  Drone  
  114  7:05  Roach x8  
  114  7:08  Overlord  
  130  7:11  Overlord  
  130  7:12  Overseer  
  130  7:16  Overlord  
  130  7:30  Roach x8  
  130  7:31  Overlord x2  
  146  7:38  Roach x4  
  146  7:39  Overlord  
  146  7:42  Overlord  
  154  7:49  Overlord  
  154  7:50  Roach x3  
  160  7:55  Roach  
  160  7:58  Roach x3  
  168  8:01  Roach, Overlord  
  168  8:02  Roach x2  
  168  8:04  Roach  
  176  8:06  Ravager  
  176  8:07  Ravager  
  176  8:08  Ravager  
  176  8:09  Ravager  
  176  8:10  Roach x2  
  176  8:12  Roach  
  186  8:19  Ravager x4  
  192  8:27  Roach x4  
  186  8:45  Roach x8  
  168  8:49  Roach  
  168  8:54  Roach x2  
  143  9:02  Roach x4  
  142  9:04  Extractor  
  142  9:05  Extractor  
  142  9:07  Roach x2  
  142  9:10  Drone x5  
  142  9:14  Hatchery  
  142  9:16  Roach  
  142  9:17  Roach  
  150  9:20  Roach  
  150  9:24  Overlord  
  152  9:29  Roach  
  152  9:30  Roach x5  
  164  9:34  Roach x4  
  164  9:38  Roach  
  174  9:47  Roach x2  
  178  9:54  Roach x5  
  178  9:59  Roach x4  
  196  10:00  Ravager  
  196  10:02  Ravager  
  198  10:19  Roach x10  
  189  10:25  Roach x4  
  159  10:28  Roach  
  159  10:29  Roach  
  159  10:33  Roach x2  
  167  10:38  Roach x2  
  167  10:40  Roach x2  
  175  10:45  Roach  
  175  10:46  Roach  
  179  10:55  Roach x5  
  189  10:59  Ravager, Roach x2  
  194  11:09  Roach x3  
  200  11:18  Roach x4  
  167  11:25  Roach  
  167  11:26  Roach x7  
  148  11:33  Roach x4  
  143  11:41  Roach x5  
  143  11:47  Roach x3  
  142  11:53  Roach x3  
  144  11:58  Ravager x3  
  147  12:04  Roach x6  
  159  12:10  Roach  
  159  12:14  Roach x2  
  159  12:15  Roach x2  
  169  12:19  Roach x2  
  173  12:24  Roach x3  
  173  12:28  Roach x2  
  183  12:39  Roach x6  
  183  12:42  Ravager  
  183  12:43  Ravager  
  197  12:45  Overseer  
  197  12:48  Roach  
  183  13:09  Roach  
  183  13:10  Roach x14  
Show
View Real Time Build Order
Export as new Build Order

Serral Zerg 

Build Orders: Hatch First 

Get SALT Encoding   

  12  0:00  Drone  
  13  0:12  Overlord  
  13  0:17  Drone  
  14  0:31  Drone x2  
  16  0:48  Hatchery  
  15  0:51  Drone  
  15  0:54  Drone  
  17  0:57  Drone  
  18  1:08  Extractor  
  17  1:12  Spawning Pool  
  17  1:16  Drone  
  17  1:19  Drone  
  18  1:28  Drone  
  19  1:38  Drone  
  20  1:49  Overlord  
  20  1:59  Queen x2  
  20  2:00  Zergling x4  
  26  2:11  Drone x2  
  28  2:21  Drone x2  
  30  2:34  Hatchery  
  30  2:37  Drone  
  30  2:38  Drone  
  30  2:41  Queen  
  33  2:47  Overlord  
  33  2:49  Drone  
  34  2:56  Drone x2  
  36  2:59  Evolution Chamber  
  35  3:06  Drone  
  35  3:07  Drone x3  
  35  3:09  Drone  
  40  3:13  Overlord  
  40  3:15  Drone  
  40  3:17  Drone  
  42  3:26  Roach Warren  
  40  3:32  Drone x2  
  41  3:40  Drone x2  
  43  3:44  Overlord  
  43  3:47  Drone  
  43  3:48  Overlord  
  45  3:49  Overlord  
  45  3:52  Extractor x2, Evolution Chamber  
  42  3:57  Overlord  
  42  4:05  Zergling x2  
  42  4:06  Roach x3  
  49  4:11  Roach x2  
  49  4:15  Overlord  
  53  4:19  Roach  
  53  4:20  Spine Crawler, Roach  
  53  4:21  Spine Crawler  
  55  4:27  Ravager x2, Overlord  
  55  4:29  Roach  
  59  4:35  Overlord  
  59  4:36  Roach  
  65  4:45  Roach x2  
  65  4:49  Roach Warren  
  65  4:51  Ravager x2  
  66  4:57  Overlord  
  66  4:59  Evolution Chamber  
  66  5:04  Roach x3  
  71  5:15  Zerg Missile Weapons Level 1  
  71  5:17  Drone  
  71  5:18  Lair  
  71  5:20  Drone  
  75  5:23  Drone  
  75  5:24  Hatchery  
  75  5:25  Drone  
  75  5:28  Drone  
  77  5:29  Drone  
  77  5:32  Drone  
  77  5:33  Drone  
  80  5:40  Evolution Chamber, Overlord  
  80  5:42  Drone  
  80  5:47  Drone x2  
  82  5:51  Extractor  
  82  5:53  Drone  
  82  5:54  Drone x2  
  84  5:57  Overlord  
  84  6:01  Zergling x2  
  85  6:05  Zerg Ground Armor Level 1  
  85  6:06  Drone x2  
  87  6:12  Roach x2  
  87  6:15  Overlord  
  87  6:18  Glial Reconstitution  
  91  6:23  Roach x2  
  95  6:27  Roach  
  95  6:30  Overseer  
  97  6:34  Roach x3  
  97  6:39  Roach x2  
  107  6:45  Roach x2  
  111  6:55  Roach x5  
  119  7:02  Ravager  
  119  7:04  Overlord  
  119  7:06  Roach  
  119  7:07  Ravager  
  122  7:09  Overlord x2  
  122  7:11  Overlord  
  122  7:15  Zerg Missile Weapons Level 2  
  122  7:19  Overlord  
  122  7:27  Pneumatized Carapace  
  122  7:28  Drone x5  
  127  7:31  Drone x2  
  127  7:35  Drone x2  
  131  7:38  Roach x2  
  131  7:40  Ravager x2  
  131  7:43  Extractor, Roach  
  138  7:51  Roach x4  
  146  7:54  Overlord  
  146  7:56  Roach  
  148  8:01  Overlord  
  148  8:03  Overseer  
  148  8:06  Roach x3  
  148  8:07  Roach  
  148  8:12  Overlord x2  
  156  8:16  Roach  
  156  8:17  Ravager x2  
  160  8:22  Roach x2  
  160  8:25  Overlord  
  164  8:29  Roach x2  
  164  8:31  Ravager  
  169  8:35  Roach x3  
  166  8:45  Roach x4  
  143  8:49  Roach  
  143  8:50  Roach x2  
  143  8:52  Roach  
  123  8:56  Roach x2  
  123  9:02  Roach x4  
  116  9:10  Ravager x2  
  116  9:11  Roach x2  
  123  9:17  Roach x3  
  123  9:22  Roach x3  
  133  9:27  Overseer  
  133  9:31  Roach x3  
  133  9:33  Extractor  
  133  9:36  Roach x3  
  144  9:42  Queen  
  144  9:44  Roach x3  
  152  9:48  Ravager  
  152  9:49  Overlord  
  152  9:51  Roach  
  155  9:57  Roach x3  
  161  10:02  Roach x2  
  161  10:04  Ravager  
  161  10:06  Roach  
  161  10:07  Roach  
  150  10:21  Roach x7  
  150  10:25  Roach x2  
  142  10:30  Roach  
  142  10:31  Ravager, Roach  
  147  10:36  Burrow  
  147  10:39  Roach x2  
  151  10:43  Queen  
  151  10:44  Roach x2  
  151  10:48  Roach  
  151  10:49  Roach  
  158  10:50  Drone  
  158  10:54  Roach x2  
  162  10:58  Roach x2  
  162  11:01  Ravager  
  162  11:02  Ravager  
  166  11:04  Roach x3  
  166  11:07  Ravager  
  166  11:08  Ravager  
  166  11:11  Roach x2  
  166  11:21  Roach x5  
  137  11:26  Roach x2  
  137  11:32  Roach x3  
  115  11:41  Roach x4  
  102  11:48  Roach x3  
  102  11:52  Roach x2  
  102  11:54  Roach x10  
  112  11:55  Roach  
  112  11:58  Roach x2  
  112  11:59  Ravager  
  112  12:00  Ravager  
  120  12:01  Ravager  
  120  12:02  Ravager x2  
  120  12:04  Roach  
  125  12:09  Roach x2  
  125  12:14  Roach x2  
  133  12:16  Roach x2  
  133  12:19  Roach x2  
  133  12:20  Ravager  
  138  12:26  Roach x3  
  144  12:32  Roach  
  144  12:37  Hatchery  
  144  12:38  Roach  
  144  12:43  Ravager x2  
  147  12:46  Roach x3  
  147  12:48  Ravager x2  
  147  12:50  Roach  
  155  12:52  Roach x2  
  159  13:02  Roach x4  
  153  13:08  Roach x3  
  153  13:12  Roach  
Tags
 
Add a new tag
Caveats
  • Supply blocks, unpowered buildings, or Contaminate may cause inaccurate times.
  • Supply counts are checked every 10 seconds.